 Dungeon Crawl Stone Soup version 0.30.0-19-gbf45117a57 (webtiles) character file.

Game seed: 12810162815080336659

34 qw the Chopper (level 3, 0/23 HPs)
             Began as a Gargoyle Fighter on May 23, 2023.
             Slain by an adder (3 damage)
             ... on level 2 of the Dungeon.
             The game lasted 00:00:39 (1033 turns).

qw the Chopper (Gargoyle Fighter)                   Turns: 1033, Time: 00:00:40

Health: 0/23       AC: 11    Str: 20 (21) XL:     3   Next: 31%
Magic:  3/3        EV:  9    Int:  6 (8)  God:
Gold:   53         SH:  4    Dex:  8 (9)  Spells: 2/2 levels left

rFire   . . .        Y - +0 war axe
rCold   . . .        c - +0 buckler
rNeg    + . .        b - +0 scale mail
rPois   inf          (no helmet)
rElec   +            (no cloak)
rCorr   .            k - +0 pair of gloves
SInv    .            (no boots)
Will    .....        (no amulet) Stlth
                     (no ring)
HPRegen 0.23/turn    (no ring)
MPRegen 0.08/turn

%: no passive effects
@: no status effects
A: sickness immunity, AC +3, negative energy resistance 1, electricity
resistance, torment resistance 1, petrification resistance
a: no special abilities


You were on level 2 of the Dungeon.
You visited 1 branch of the dungeon, and saw 2 of its levels.

You collected 53 gold pieces.


Innate Abilities, Weirdness & Mutations

You are immune to sickness and miasma.
Your stone body is resilient. (AC +3)
You are immune to poison.
You resist negative energy. (rN+)
You are resistant to electric shocks. (rElec)
You are resistant to unholy torment.
You are immune to petrification.


   Skills:
 - Level 3.2 Fighting
 + Level 3.3 Axes
 - Level 3.2 Armour
 - Level 3.2 Shields


You had 2 spell levels left.
You didn't know any spells.
Your spell library was empty.

Inventory:

Hand Weapons
 e - a +0 club
 Y - a +0 war axe (weapon)
Armour
 b - a +0 scale mail (worn)
 c - a +0 buckler (worn)
 k - a +0 pair of gloves (worn)
Potions
 d - a potion of might
 h - a potion of curing {unknown}
 j - a potion of haste {unknown}

Dungeon Overview and Level Annotations

Branches:
Dungeon (2/15)

Altars:

Annotations:
D:2 Sigmund


Message History

Sigmund hits you but does no damage. Sigmund barely misses you.
Sigmund closely misses you. Sigmund barely misses you.
You feel less confused.
You slash Sigmund!
Sigmund is severely wounded.
Sigmund hits you with a +0 scythe.
You closely miss Sigmund.
Sigmund is severely wounded.
Sigmund gestures at you while chanting.
The magic dart hits you but does no damage.
You closely miss Sigmund.
Sigmund is severely wounded.
Sigmund gestures at you while chanting. The magic dart hits you.
Sigmund barely misses you.
1026 ||| READING scroll of teleportation.
As you read the scroll of teleportation, it crumbles to dust.
You feel strangely unstable.
You barely miss Sigmund.
Sigmund is severely wounded.
Sigmund hits you but does no damage.
You barely miss Sigmund.
Sigmund is severely wounded.
Sigmund misses you.
You hit Sigmund.
Sigmund is severely wounded.
Your surroundings suddenly seem different.
An adder and a rat come into view.
You closely miss the adder. You closely miss the rat. The adder bites you.
The rat bites you but does no damage.
You closely miss the adder. You hit the rat but do no damage.
The adder bites you but does no damage.
The rat twitches its whiskers.
The rat bites you. The adder barely misses you.
The rat bites you but does no damage.
You barely miss the adder. You hit the rat.
You kill the rat!
The adder bites you.
You die...

#.##.....##. . #..........
..#......... ............
...# ............ .#.###.
.........#.# .......
.......S.#.# .......
.......@.#.##.........
.......%.#.#..........
........#.......###...
........#....###......
....#.###............#
......#.####...........#
#.... #.#..............# .
#..####.......##.......#
..#......................#


You could see an adder.

Vanquished Creatures
  A worm (D:2)
  2 endoplasms (D:2)
  4 giant cockroaches
  3 goblins (D:1)
  2 hobgoblins
  4 jackals (D:1)
  2 kobolds (D:1)
  A quokka (D:1)
  2 ball pythons
  3 bats (D:1)
  A frilled lizard (D:1)
  3 rats
28 creatures vanquished.

Notes
Turn   | Place    | Note
-------+----------+-------------------------------------------
     0 | D:1      | qw the Gargoyle Fighter began the quest for the Orb.
     0 | D:1      | Reached XP level 1. HP: 14/14 MP: 1/1
     0 | D:1      | 0 ||| qw: Version: 0.2-a-98-g5d7165a
     0 | D:1      | 0 ||| qw: Game counter: 18
     0 | D:1      | 0 ||| qw: Always use a shield: true
     0 | D:1      | 0 ||| qw: God list: Okawaru
     0 | D:1      | 0 ||| qw: Allow faded altars: false
     0 | D:1      | 0 ||| qw: Do Orc after D:15 true
     0 | D:1      | 0 ||| qw: Do second Lair branch before Depths: true
     0 | D:1      | 0 ||| qw: Lair rune preference: random
     0 | D:1      | 0 ||| qw: Plans: Normal, Zot:1-4, God:TSO, Crypt, Tomb,
                  | Pan, Slime:5, Hells, Abyss, Win
     0 | D:1      | 0 ||| PLANNING D:1-11
    17 | D:1      | 17 ||| Stepping ~*~*~tactically~*~*~ (stealth).
    29 | D:1      | Reached XP level 2. HP: 19/19 MP: 2/2
   282 | D:1      | 282 ||| Stepping ~*~*~tactically~*~*~ (stealth).
   285 | D:1      | 285 ||| Stepping ~*~*~tactically~*~*~ (stealth).
   364 | D:1      | Reached skill level 3 in Axes
   451 | D:1      | Reached XP level 3. HP: 23/23 MP: 3/3
   730 | D:1      | 730 ||| UPGRADING to +0 pair of gloves.
   735 | D:1      | 735 ||| READING scroll labelled TAOHUG UTUUFYTRI.
   739 | D:1      | 739 ||| READING scroll labelled TYGEPNAELE.
   740 | D:1      | 740 ||| READING scroll labelled RUUGET JAME.
   741 | D:1      | 741 ||| READING scroll labelled OMAIHO GENA ZAS.
   742 | D:1      | 742 ||| DRINKING 2 blue potions.
   743 | D:1      | 743 ||| DROPPING potion of degeneration.
   900 | D:2      | 900 ||| Stepping ~*~*~tactically~*~*~ (stealth).
   992 | D:2      | Noticed Sigmund
   993 | D:2      | 993 ||| Stepping ~*~*~tactically~*~*~ (hiding).
   996 | D:2      | 996 ||| Stepping ~*~*~tactically~*~*~ (hiding).
   997 | D:2      | 997 ||| Stepping ~*~*~tactically~*~*~ (hiding).
  1025 | D:2      | HP: 4/23 [Sigmund/magic dart (4)]
  1026 | D:2      | 1026 ||| READING scroll of teleportation.
  1031 | D:2      | HP: 4/23 [adder (1)]
  1033 | D:2      | Slain by an adder

Levels and vault maps discovered:
D:1:      sevenhm_arrival_forest_fort_small_3, layout_basic
D:2:      layout_basic, uniq_sigmund, uniq_robin

Skill      XL: |  1  2 |
---------------+-------+-----
Axes           | 2 3 |  3.3
Fighting       | |  3.2
Armour         | |  3.2
Shields        | |  3.2

Action                     || total
---------------------------++-------
  Melee: War axe           ||    94
    Use: Scroll            ||     5
         Potion            ||     1
 Armour: Scale mail        ||    44
  Dodge: Dodged            ||    45
  Block: Buckler           ||    14

Table legend:
 A = Non-vault XP
 B = Vault XP
 C = Vault XP percentage of total XP
 D = Non-vault monster count
 E = Vault monster count
 F = Vault count percentage of total count
                 A         B        C        D         E       F
            +---------+---------+-------+---------+---------+-------
      Total |      50 |       0 |   0.0 |      28 |       0 |   0.0
            +---------+---------+-------+---------+---------+-------
        D:1 |      35 |       0 |   0.0 |      21 |       0 |   0.0
        D:2 |      15 |       0 |   0.0 |       7 |       0 |   0.0
            +---------+---------+-------+---------+---------+-------
